 Dungeon Crawl Stone Soup version 0.27-a0-650-g8dd3ea4f36 (webtiles) character file.

Game seed: 12110413640556960028

561 tilp the Insei (level 7, -2/48 HPs)
             Began as an Octopode Transmuter on Mar 15, 2021.
             Killed from afar by an orc wizard (10 damage)
             ... with a puff of flame
             ... on level 5 of the Dungeon.
             The game lasted 00:08:06 (6881 turns).

tilp the Insei (Octopode Transmuter)                Turns: 6881, Time: 00:08:06

Health: -2/48      AC:  1    Str: 16    XL:     7   Next: 31%
Magic:  10/10      EV: 13    Int: 17    God:
Gold:   314        SH:  0    Dex: 12    Spells: 4/10 levels left

rFire    . . .     SeeInvis .     - Unarmed
rCold    . . .     Faith    .   (no shield)
rNeg     . . .     Spirit   .   (helmet restricted)
rPois    .         Reflect  .   (no amulet)
rElec    .         Harm     .   e - +6 ring of strength
rCorr    .         Rampage  .   d - ring of wizardry
Will     .....                  (no ring)
Stlth    ++........             (no ring)
HPRegen  0.16/turn              (no ring)
MPRegen  0.12/turn              (no ring)
                                (no ring)
                                (no ring)

@: confused, ambrosia-drunk
A: almost no armour, amphibious, 8 rings, camouflage 1, gelatinous body 1,
nimble swimmer 1, tentacles
a: no special abilities


You were on level 5 of the Dungeon.
You visited 1 branch of the dungeon, and saw 5 of its levels.

You collected 314 gold pieces.

Inventory:

Missiles
 c - 30 poisoned darts (quivered)
 o - 2 boomerangs
Jewellery
 d - a ring of wizardry (right tentacle)
 e - a +6 ring of strength (left tentacle)
Scrolls
 i - 2 scrolls of identify
 p - a scroll of teleportation
Potions
 a - a potion of mutation
 b - 2 potions of might
 f - a potion of haste {unknown}
 h - a potion of attraction {unknown}
 j - a potion of brilliance {unknown}
 k - a potion of heal wounds {unknown}
 l - a potion of magic {unknown}
 m - 2 potions of flight
 n - 2 potions of ambrosia
 q - 2 potions of invisibility


   Skills:
 - Level 4.0 Fighting
 - Level 2.0 Dodging
 - Level 4.0 Stealth
 - Level 6.0 Unarmed Combat
 - Level 2.0 Spellcasting
 * Level 2.7 Transmutations
 + Level 1.2 Poison Magic


You had 4 spell levels left.
You knew the following spells:

 Your Spells              Type           Power      Damage    Failure   Level
a - Beastly Appendage     Tmut           20%        N/A       2%          1
b - Wereblood             Tmut           10%        N/A       4%          2
c - Spider Form           Tmut/Pois      4%         N/A       11%         3

Your spell library contained the following spells:

 Spells                   Type           Power      Damage    Failure   Level
 Ice Form                 Ice/Tmut       6%         N/A       38%         4
 Blade Hands              Tmut           5%         N/A       54%         5


Dungeon Overview and Level Annotations

Branches:
Dungeon (5/15)
 Temple: D:4-7

Altars:

Annotations:
D:2 exclusion: ice beast
D:4 exclusion: ogre


Innate Abilities, Weirdness & Mutations

You cannot wear most types of armour.
You are amphibious.
You can wear up to eight rings at the same time.
Your skin changes colour to match your surroundings (Stealth+).
Your rubbery body absorbs attacks. (AC +1, EV +1)
You are stealthy while swimming. (Stealth+)
You have tentacles for arms and can constrict up to eight enemies at once.


Message History

Unknown command.
There's nothing to close nearby.
Throw: 31 darts (poison)
Press: ? - help, Q - select action, (/) - cycle Shift-Dir - straight line, f/p - orc
Aim: an orc (59% to hit)
You throw a poisoned dart. The poisoned dart hits the orc.
The orc is poisoned.
Unknown command.
You closely miss something. Something hits you.
* * * LOW HITPOINT WARNING * * *
You closely miss something. Something hits you!
* * * LOW HITPOINT WARNING * * *
You tentacle-slap something. Your squeeze misses something. Something hits you.
* * * LOW HITPOINT WARNING * * *
Unknown command.
You feel better. Something hits you.
* * * LOW HITPOINT WARNING * * *
Unknown command.
You feel better. Something hits you!
* * * LOW HITPOINT WARNING * * *
Unknown command.
You bludgeon something! Something hits you.
* * * LOW HITPOINT WARNING * * *
Unknown command.
You feel better.
You kill the orc!
Something hits you.
* * * LOW HITPOINT WARNING * * *
Unknown command.
You tentacle-slap something.
You hear some strange, mumbled words.
A puff of flame appears from out of thin air!
The puff of flame hits you!
* * * LOW HITPOINT WARNING * * *
Unknown command.
You are confused.
You feel invigorated.
You hear some strange, mumbled words.
A puff of flame appears from out of thin air!
The puff of flame hits you!
You die...

...##.......# #....<..#
#.......# #.......#
############# ###...... #...# ##
####.#. #...# #. ...#. #...#
#.#######† g #...# #..#...)..
.=5 ##...#############.#.####.
..go# #.((.)(){@................
...g..#.################.#.####.
#.).....# .....#.... #.......#
............ #.......#
#########.... #.......# ........
#..o....# ≈≈≈≈≈≈≈≈ #^......#
≈≈≈≈≈≈≈≈ #.......# ####≈≈≈≈


There were no monsters in sight!

Vanquished Creatures
  2 ogres (D:4)
  A jelly (D:5)
  2 hounds
  2 iguanas (D:4)
  2 orc wizards (D:3)
  4 gnolls (D:5)
  5 adders
  2 ufetubi (D:5)
  2 worms (D:4)
  2 dart slugs
  2 leopard geckos
  8 orcs
  A ball python (D:2)
  4 giant cockroaches
  6 goblins
  9 hobgoblins
  13 jackals
  8 kobolds
  3 quokkas
  4 bats
  6 frilled lizards
  13 rats
101 creatures vanquished.

Notes
Turn   | Place    | Note
-------+----------+-------------------------------------------
     0 | D:1      | tilp the Octopode Transmuter began the quest for the Orb.
     0 | D:1      | Reached XP level 1. HP: 13/13 MP: 3/3
   169 | D:1      | Reached skill level 1 in Stealth
   597 | D:1      | Reached XP level 2. HP: 17/18 MP: 1/5
   600 | D:1      | Learned a level 2 spell: Wereblood
  1687 | D:1      | Reached XP level 3. HP: 23/23 MP: 6/6
  2281 | D:2      | Reached XP level 4. HP: 23/29 MP: 5/7
  2383 | D:2      | Noticed an ice beast
  3185 | D:1      | Learned a level 3 spell: Spider Form
  3397 | D:3      | Reached skill level 4 in Unarmed Combat
  3397 | D:3      | Reached XP level 5. HP: 33/34 MP: 8/8
  4661 | D:4      | Reached skill level 5 in Unarmed Combat
  4661 | D:4      | Reached XP level 6. HP: 40/41 MP: 5/9
  6312 | D:4      | Reached skill level 6 in Unarmed Combat
  6312 | D:4      | Reached XP level 7. HP: 22/47 MP: 10/10
  6574 | D:5      | Entered Level 5 of the Dungeon
  6858 | D:5      | Reached skill level 1 in Poison Magic
  6875 | D:5      | HP: 2/48 [something (5)]
  6880 | D:5      | HP: 2/48 [something/puff of flame (8)]
  6881 | D:5      | Killed from afar by an orc wizard

Illustrated notes

Levels and vault maps discovered:
D:1:      tarquinn_simple_flora_water_f, layout_basic
D:2:      layout_basic
D:3:      layout_rooms
D:4:      layout_basic
D:5:      lemuel_castle_with_subvaults [lemuel_castle_interior_carwin_2],
          layout_basic, nemelex_xobeh_ov_fountains_minmay

Skill      XL: |  1  2  3  4  5  6  7 |
---------------+----------------------+-----
Stealth        | 2 3 4 |  4.0
Fighting       | 2 3 4 |  4.0
Unarmed Combat | 4 5 6 |  6.0
Poison Magic   | 1 |  1.2
Dodging        | |  2.0
Spellcasting   | |  2.0
Transmutations | |  2.7

Action                   |  1- 3 |  4- 6 |  7- 9 || total
-------------------------+-------+-------+-------++-------
Melee: Unarmed           |    74 |    95 |    27 ||   196
       Constrict         |    18 |    28 |     8 ||    54
       Kick              |     9 |    19 |     5 ||    33
       Tentacles         |     4 |    22 |     7 ||    33
       Punch             |     2 |     2 |     2 ||     6
Throw: Dart              |     9 |    36 |     6 ||    51
 Cast: Beastly Appendage |    18 |    24 |     4 ||    46
       Wereblood         |     3 |    12 |     2 ||    17
  Use: Scroll            |     1 |     7 |     3 ||    11
       Potion            |       |       |     4 ||     4
 Stab: Sleeping          |    10 |     5 |     1 ||    16
Armor: Skin              |     8 |     5 |       ||    13
Dodge: Dodged            |    50 |    52 |    18 ||   120

Table legend: (Time is in decaauts)
 A = Elapsed time spent in this place.
 B = Non-inter-level travel time spent in this place.
 C = Inter-level travel time spent in this place.
 D = Time resting spent in this place.
 E = Time spent auto-exploring this place.
 F = Levels seen in this place.
 G = Mean time per level.
                   A        B        C        D        E       F      G
               +--------+--------+--------+--------+--------+-----+--------+
         Total |   6867 |   6652 |    215 |   1783 |   4079 |   5 | 1373.4 |
       Dungeon |   6867 |   6652 |    215 |   1783 |   4079 |   5 | 1373.4 |
               +--------+--------+--------+--------+--------+-----+--------+

Top non-repeatable levels by time:
     D:4: 2206 daAuts
     D:1: 1988 daAuts
     D:2: 1366 daAuts
     D:3: 1001 daAuts
     D:5: 304 daAuts
